 Dungeon Crawl Stone Soup version 0.31.0 (webtiles) character file.

Game seed: 11026829823845031806

107 qw the Shooter (level 4, 0/28 HPs)
             Began as a Gargoyle Hunter on Jan 19, 2024.
             Slain by a hobgoblin (1 damage)
             ... led by Robin
             ... on level 3 of the Dungeon.
             The game lasted 00:00:06 (1675 turns).

qw the Shooter (Gargoyle Hunter)                    Turns: 1675, Time: 00:00:07

Health: 0/28       AC: 11    Str: 14    XL:     4   Next: 86%
Magic:  4/4        EV: 10    Int: 10    God:
Gold:   116        SH:  0    Dex: 15    Spells: 3/3 levels left

rFire   . . .        a - +0 shortbow (freeze)
rCold   . . .        (shield currently unavailable)
rNeg    + . .        h - +0 ring mail
rPois   inf          (no helmet)
rElec   +            f - +2 cloak
rCorr   .            (no gloves)
SInv    .            (no boots)
Will    .....        (no amulet)
Stlth   +            (no ring)
HPRegen 0.24/turn    (no ring)
MPRegen 0.09/turn

%: no passive effects
@: about to teleport
A: sickness immunity, AC +3, negative energy resistance 1, electricity
resistance, torment resistance 1, petrification resistance
a: no special abilities


You were on level 3 of the Dungeon.
You visited 1 branch of the dungeon, and saw 3 of its levels.

You collected 116 gold pieces.


Innate Abilities, Weirdness & Mutations

You are immune to sickness and miasma.
Your stone body is resilient. (AC +3)
You are immune to poison.
You resist negative energy. (rN+)
You are resistant to electric shocks. (rElec)
You are resistant to unholy torment.
You are immune to petrification.


   Skills:
 - Level 3.3 Fighting
 + Level 5.4 Ranged Weapons
 - Level 1.2 Armour
 - Level 1.5 Dodging
 - Level 1.1 Stealth


You had 3 spell levels left.
You didn't know any spells.
Your spell library was empty.

Inventory:

Hand Weapons
 a - a +0 shortbow of freezing (weapon)
Armour
 f - a +2 cloak (worn)
 h - a +0 ring mail (worn)
Wands
 m - a wand of mindburst (10)
Scrolls
 e - a scroll of teleportation
Potions
 b - 2 potions of ambrosia {unknown}
 d - a potion of curing
 j - a potion of cancellation {unknown}

Dungeon Overview and Level Annotations

Branches:
Dungeon (3/15)

Altars:

Shops:
D:1 [

Annotations:
D:3 Robin


Message History

The goblin barely misses you.
You shoot an arrow. The arrow closely misses the goblin.
The goblin hits you but does no damage. The goblin misses you.
Robin throws the goblin at you! The goblin hits you but does no damage.
The hobgoblin closely misses you.
You shoot an arrow. The arrow barely misses the goblin.
The goblin hits you but does no damage. The goblin barely misses you.
The goblin hits you but does no damage. The goblin hits you with a +0 club.
The hobgoblin hits you. The goblin barely misses you.
You shoot an arrow. The arrow misses the goblin.
The goblin hits you but does no damage. x2; The goblin closely misses you.
The goblin barely misses you. The hobgoblin closely misses you.
The goblin closely misses you. The goblin misses you. The hobgoblin hits you.
The goblin closely misses you. The goblin hits you with a +0 club. x2
The goblin hits you but does no damage.
You shoot an arrow. The arrow closely misses the goblin.
The goblin barely misses you. x2; The goblin misses you.
Robin throws the goblin at you! The hobgoblin hits you.
The goblin barely misses you. x2
You shoot an arrow. The arrow hits the goblin.
The arrow freezes the goblin.
You kill the goblin!
The goblin hits you but does no damage. x2
The hobgoblin hits you but does no damage.
The goblin hits you but does no damage. x2; The hobgoblin hits you.
1673 ||| READING 2 scrolls of teleportation.
As you read the scroll of teleportation, it crumbles to dust.
You feel strangely unstable. The goblin hits you but does no damage.
The goblin barely misses you. x2
The goblin closely misses you. The hobgoblin completely misses you.
The hobgoblin barely misses you.
You shoot an arrow. The arrow hits the goblin.
The arrow freezes the goblin.
You kill the goblin!
The hobgoblin closely misses you. The hobgoblin misses you.
The goblin hits you but does no damage. The goblin barely misses you.
The goblin hits you but does no damage.
You shoot an arrow. The arrow barely misses the goblin.
The hobgoblin hits you but does no damage.
The hobgoblin barely misses you.
The goblin hits you but does no damage. x2
The goblin hits you with a +0 club. The hobgoblin hits you.
You die...

#.#######.# #....
#.........#
#..).##....%#####
#.....#....##
.....#....#
#!..#....#
#.!.#....#
####..g#)...#
.....gg@)...#
####..ggg...#
........#+###
.......## .8.8...
....... .....8.
.....).


You could see Robin, 2 hobgoblins and 3 goblins.

Vanquished Creatures
  Jessica (D:2)
  3 adders
  A ribbon worm (D:2)
  4 endoplasms
  4 giant cockroaches (D:2)
  9 goblins
  6 hobgoblins
  A quokka (D:2)
  5 ball pythons
  3 bats
  4 frilled lizards
  2 kobolds (D:1)
  7 rats
50 creatures vanquished.

Notes
Turn   | Place    | Note
-------+----------+-------------------------------------------
     0 | D:1      | qw the Gargoyle Hunter began the quest for the Orb.
     0 | D:1      | Reached XP level 1. HP: 12/12 MP: 1/1
     0 | D:1      | 0 ||| qw: Version: 0.3-a-132-g3d54051
     0 | D:1      | 0 ||| qw: Game counter: 391
     0 | D:1      | 0 ||| qw: Melee chars always use a shield: true
     0 | D:1      | 0 ||| qw: God list: Okawaru
     0 | D:1      | 0 ||| qw: Allow faded altars: false
     0 | D:1      | 0 ||| qw: Do Orc after clearing Dungeon:15 true
     0 | D:1      | 0 ||| qw: Do second Lair branch before Depths: true
     0 | D:1      | 0 ||| qw: Lair rune preference: random
     0 | D:1      | 0 ||| qw: Goals: Normal
     0 | D:1      | 0 ||| PLANNING D:1-11
    91 | D:1      | Found Qomudale's Armour Emporium.
   104 | D:1      | Reached XP level 2. HP: 17/17 MP: 2/2
   107 | D:1      | 107 ||| SHOPLISTING +0 pair of boots (45 gold, have 7).
   107 | D:1      | 107 ||| SHOPLISTING +0 pair of boots of flying (115 gold,
                  | have 7).
   107 | D:1      | 107 ||| SHOPLISTING +0 ring mail (40 gold, have 7).
   107 | D:1      | 107 ||| SHOPLISTING +0 robe "Uhut Xoo" {rN+ Str+5 Int-4}
                  | (140 gold, have 7).
   107 | D:1      | 107 ||| SHOPLISTING +1 helmet of intelligence (165 gold,
                  | have 7).
   403 | D:1      | Found a faded altar of an unknown god.
   540 | D:1      | 540 ||| UPGRADING to +2 cloak.
   545 | D:1      | 545 ||| UPGRADING to +0 ring mail.
   555 | D:1      | 555 ||| DROPPING +0 leather armour.
   556 | D:1      | 556 ||| DROPPING +6 ring of intelligence.
   557 | D:1      | 557 ||| READING 3 scrolls labelled XEUFEMA DOIHO.
   562 | D:1      | 562 ||| DROPPING scroll of butterflies.
   573 | D:2      | Reached skill level 1 in Armour
   573 | D:2      | Reached XP level 3. HP: 21/21 MP: 3/3
   614 | D:2      | 614 ||| FLEEEEING.
   624 | D:2      | 624 ||| STAIRDANCE
   657 | D:2      | Reached skill level 5 in Ranged Weapons
   850 | D:2      | 850 ||| DROPPING +1 sling of flaming.
   946 | D:2      | Noticed Jessica
   956 | D:2      | Killed Jessica
   957 | D:2      | Reached skill level 3 in Fighting
   957 | D:2      | Reached XP level 4. HP: 16/28 MP: 4/4
   990 | D:2      | 990 ||| FLEEEEING.
  1097 | D:2      | Identified the +3 scale mail of Gravity {Rampage Will-
                  | Str+5 Dex-5}
  1469 | D:2      | 1469 ||| READING scroll labelled YMATWU TEEQ.
  1469 | D:2      | 1469 ||| ENCHANTING +0 shortbow.
  1470 | D:2      | 1470 ||| READING scroll labelled IPLELU SETTIS.
  1470 | D:2      | 1470 ||| BRANDING +0 shortbow.
  1471 | D:2      | 1471 ||| READING scroll labelled EPRAIT CUJO.
  1572 | D:2      | 1572 ||| READING scroll labelled ONORGH VESH.
  1572 | D:2      | 1572 ||| IDENTIFYING clear potion
  1573 | D:2      | 1573 ||| READING scroll labelled ZERPHE RYSEICE.
  1574 | D:2      | 1574 ||| DRINKING 2 murky golden potions.
  1575 | D:2      | 1575 ||| DROPPING potion of berserk rage.
  1657 | D:3      | Noticed Robin
  1672 | D:3      | HP: 6/28 [hobgoblin[Robin] (6)]
  1673 | D:3      | 1673 ||| READING 2 scrolls of teleportation.
  1675 | D:3      | HP: 1/28 [goblin/+0 club[Robin] (6)]
  1675 | D:3      | Slain by a hobgoblin

Levels and vault maps discovered:
D:1:      minmay_arrival_shoal_huts, layout_basic,
          hellmonk_ecumenical_altar_pennies_from_heaven, serial_shops, shop
D:2:      kennysheep_big_flooded_room, layout_basic,
          chequers_serial_rivers_large_b, minmay_cut_off, uniq_jessica
D:3:      layout_basic, nicolae_uskayaw_dance_hall, nrook_mini_vaults,
          uniq_sigmund, uniq_robin

Skill      XL: |  1  2  3 |
---------------+----------+-----
Armour         | 1 |  1.2
Ranged Weapons | 5 |  5.4
Fighting       | 3 |  3.3
Dodging        | |  1.5
Stealth        | |  1.1

Action                     |  1- 3 |  4- 6 || total
---------------------------+-------+-------++-------
   Fire: Shortbow          |    94 |    45 ||   139
    Use: Scroll            |     1 |     6 ||     7
         Potion            |       |     1 ||     1
 Armour: Leather armour    |    10 |       ||    10
         Ring mail         |    25 |    50 ||    75
  Dodge: Dodged            |    23 |    39 ||    62

Table legend:
 A = Non-vault XP
 B = Vault XP
 C = Vault XP percentage of total XP
 D = Non-vault monster count
 E = Vault monster count
 F = Vault count percentage of total count
                 A         B        C        D         E       F
            +---------+---------+-------+---------+---------+-------
      Total |      94 |      60 |  39.0 |      38 |      12 |  24.0
            +---------+---------+-------+---------+---------+-------
        D:1 |      28 |       0 |   0.0 |      18 |       0 |   0.0
        D:2 |      51 |      46 |  47.4 |      18 |       5 |  21.7
        D:3 |      15 |      14 |  48.3 |       2 |       7 |  77.8
            +---------+---------+-------+---------+---------+-------
